 Dungeon Crawl Stone Soup version 0.20.0-15-g7f486f2 (webtiles) character file.

149096 KleinerIrrer the Fencer (level 18, -12/138 HPs)
             Began as a Formicid Fighter on June 28, 2017.
             Was the Champion of the Shining One.
             Killed from afar by a deep elf mage (21 damage)
             ... with a bolt of lightning
             ... on level 1 of the Elven Halls.
             The game lasted 01:45:52 (29806 turns).

KleinerIrrer the Fencer (Formicid Fighter)         Turns: 29806, Time: 01:45:53

Health: -12/138    AC: 29    Str: 28    XL:     18   Next: 13%
Magic:  26/26      EV:  6    Int: 13    God:    the Shining One [******]
Gold:   1320       SH: 32    Dex: 17    Spells: 17/17 levels left

rFire    + + .     SeeInvis +   A - +9 great sword (flame)
rCold    + + +     Gourm    .   x - +0 large shield
rNeg     + + +     Faith    .   R - +1 crystal plate armour
rPois    +         Spirit   .   (helmet unavailable)
rElec    .         Reflect  .   i - scarf {rC+ rF+}
rCorr    .         Harm     +   g - +2 pair of gloves
MR       +++..                  T - +1 pair of boots
Stlth    ..........             m - amulet of Rokkets {Harm *Drain rC++ Dex+7 Stlth-}
Regen    0.4/turn               j - ring "Vurph" {rPois MR+ EV-2 Int+4}
MPRegen  0.2/turn               n - ring "Ovotz" {rF+ MR+ Stlth-}

@: divine shield, glowing, drained
A: permanent stasis, dig shafts and tunnels, four strong arms, antennae 3
a: Dig, Shaft Self, Divine Shield, Cleansing Flame, Summon Divine Warrior, Brand
Weapon With Holy Wrath, Renounce Religion


You were on level 1 of the Elven Halls.
You worshipped the Shining One.
The Shining One was exalted by your worship.
You were hungry.

You visited 5 branches of the dungeon, and saw 25 of its levels.
You also visited: Labyrinth, Sewer, Bailey and Ice Cave.

You collected 3039 gold pieces.
You spent 1719 gold pieces at shops.

Inventory:

Hand Weapons
 d - a +0 long sword of holy wrath
 A - a +9 great sword of flaming (weapon)
 E - a +2 scimitar of protection
Armour
 c - the +0 leather armour "Yfiqa" {rElec rF++}
   (You found it on level 14 of the Dungeon)

   It greatly protects you from fire.
   It insulates you from electricity.
 g - a +2 pair of gloves (worn)
 i - a scarf of resistance (worn)
 l - a +3 ring mail of poison resistance
 x - a +0 large shield (worn)
 R - a +1 crystal plate armour (worn)
 T - a +1 pair of boots (worn)
Jewellery
 j - the ring "Vurph" (left hand) {rPois MR+ EV-2 Int+4}
   (You found it in an ice cave)

   [ring of evasion]

   It affects your evasion (-2).
   It affects your intelligence (+4).
   It protects you from poison.
   It affects your resistance to hostile enchantments.
 m - the amulet of Rokkets (around neck) {Harm *Drain rC++ Dex+7 Stlth-}
   (You bought it in a shop on level 2 of the Orcish Mines)

   [amulet of harm]

   It increases damage dealt and taken.
   It affects your dexterity (+7).
   It greatly protects you from cold.
   It causes draining when unequipped.
   It makes you less stealthy.
 n - the ring "Ovotz" (right hand) {rF+ MR+ Stlth-}
   (You bought it in a shop on level 2 of the Orcish Mines)

   [ring of loudness]

   It protects you from fire.
   It affects your resistance to hostile enchantments.
   It makes you less stealthy.
 t - an uncursed ring of protection from cold
 v - an uncursed ring of protection from fire
 w - a +4 ring of slaying
Wands
 b - a wand of acid (15/15)
 o - a wand of confusion (14/48)
 y - a wand of flame (31/48)
 D - a wand of lightning (6/15)
 F - a wand of enslavement (9/24)
Scrolls
 a - a scroll of magic mapping
 e - 2 scrolls of fear
 p - 4 scrolls of recharging
 s - a scroll of silence
 C - 2 scrolls of fog
Potions
 q - 2 potions of brilliance
 r - 2 potions of might
 u - 4 potions of flight
 z - 2 potions of lignification
 V - 3 potions of curing
 Z - 2 potions of agility
Miscellaneous
 L - a box of beasts
Comestibles
 f - 8 bread rations
 h - 8 fruits
 k - 3 chunks of flesh
 B - 23 royal jellies
 P - 9 meat rations


   Skills:
 + Level 11.5(10.5) Fighting
 * Level 17.1(16.0) Long Blades
 * Level 14.2(13.2) Armour
 + Level 5.1(4.4) Dodging
 - Level 15.0(14.0) Shields
 * Level 11.7(10.7) Invocations
 * Level 10.6(9.7) Evocations


You had 17 spell levels left.
You didn't know any spells.

Dungeon Overview and Level Annotations

Branches:
Dungeon (15/15)            Temple (1/1) D:5            Lair (6/6) D:10
 Shoals (0/4) Lair:2        Snake (0/4) Lair:2        Slime (0/5) Lair:5
    Orc (2/2) D:10            Elf (1/3) Orc:2        Vaults (0/5) D:13
 Depths (0/5) D:15

Altars:
Ashenzari
Cheibriados
Dithmenos
Elyvilon
Fedhas
Gozag
Hepliaklqana
Kikubaaqudgha
Makhleb
Nemelex Xobeh
Okawaru
Qazlal
Ru
Sif Muna
Trog
Uskayaw
Vehumet
Xom
Yredelemnul
Zin
The Shining One
Jiyva

Shops:
Orc:1 (   Orc:2 =}*![(

Annotations:
D:15 exclusion: Roxanne, Roxanne


Innate Abilities, Weirdness & Mutations

You cannot be hasted, slowed, berserked, paralysed or teleported.
You can dig through walls and to a lower floor.
Your four strong arms can wield two-handed weapons with a shield.
You have a pair of large antennae on your head. (SInv)


Message History

Some of the chunks of flesh in your inventory have rotted away.
You hit the deep elf archer. You burn the deep elf archer.
The deep elf archer is almost dead.
You block the deep elf archer's attack. x2
You slash the deep elf archer! You burn the deep elf archer.
You kill the deep elf archer!
You barely miss the deep elf mage. You slash the deep elf mage!
You burn the deep elf mage.
The deep elf mage is heavily wounded.
The deep elf mage casts a spell at you. The bolt of lightning hits you! x2
* * * LOW HITPOINT WARNING * * *
You closely miss the deep elf mage.
The deep elf mage is heavily wounded.
You block the deep elf mage's attack.
Your crystal plate armour prevents you from hitting the deep elf mage.
The deep elf mage is heavily wounded.
The deep elf mage points at you and mumbles some strange words.
The bolt of lightning hits you!
You die...

.......+.........
.......####......
......# ##......
.....### ####...# #
..........###.##
##.######+#.#####.# #.#
#.......).#.# #.# #.#
..........#.#####.# #.#
.......@(.......#.# #.#
......e..(..###.#.###.#
......>....().(.......#
...........############
..........##
.........## .........#
.........# #######


You could see a deep elf mage.

Vanquished Creatures
  Rupert (Lair:6)
  Gastronok (Lair:2)
  Agnes (Elf:1)
  The ghost of humperndinck the Impaler, an adept MfGl of Elyvilon (Orc:2)
  2 orc warlords
  A deep elf annihilator (Elf:1)
  A dire elephant (D:15)
  A minotaur (Lab)
  An ettin (Orc:2)
  Harold (Orc:1)
  3 fire dragons
  Josephine (D:13)
  Erolcha (Orc:2)
  A great orb of eyes (D:15)
  A vault guard (D:13)
  2 ice dragons (IceCv)
  The ghost of KleinerIrrer the Blocker, a journeyman FoFi of Gozag (D:10)
  10 hydras
  4 ogre magi
  A catoblepas (Lair:4)
  14 two-headed ogres
  10 centaur warriors
  A dancing weapon (Elf:1)
  2 tengu warriors
  2 orc high priests (Orc:2)
  3 death yaks (Lair:5)
  A slime creature (D:15)
  2 deep elf knights (Elf:1)
  An unseen horror (D:12)
  A fire crab (Lair:6)
  A glowing orange brain (D:15)
  An unseen horror (shapeshifter) (D:15)
  2 wizards
  Pikel (D:4)
  A deep elf archer (Elf:1)
  6 orc knights
  2 deep elf magi
  11 ugly things
  A wolf spider zombie (D:15)
  An oklob plant (Lair:3)
  5 orc sorcerers
  6 cyclopes
  8 centaur zombies
  4 manticores
  Joseph (D:9)
  Maurice (D:8)
  6 black mambas
  A salamander (D:15)
  25 elephants
  2 ice statues (IceCv)
  6 gargoyles
  2 molten gargoyles (Lair:6)
  14 spiny frogs
  4 rime drakes
  2 freezing wraiths (D:15)
  2 efreet
  11 komodo dragons
  3 tengu conjurers
  A queen bee (Lair:4)
  A polar bear (shapeshifter) (D:13)
  3 meliai (Lair:4)
  A polar bear (Lair:2)
  7 trolls
  A hornet (D:11)
  14 blink frogs
  18 hippogriffs
  A meliai zombie (D:14)
  4 shadows
  A centaur simulacrum (D:14)
  3 redbacks (Lab)
  A spriggan (D:10)
  4 wraiths
  6 wyverns
  7 basilisks
  29 yaks
  Grum (D:9)
  4 hungry ghosts
  8 vampire mosquitoes
  3 steam dragons (Lair:6)
  A naga (Lair:2)
  A soldier ant (D:13)
  7 wargs
  3 hell hounds (Lair:6)
  4 porcupines
  29 orc warriors
  10 water moccasins
  20 ice beasts
  An eye of draining (D:14)
  A black bear (D:6)
  2 slaves (D:4)
  5 sky beasts
  2 necrophages
  A phantom (D:6)
  19 ogres
  13 wolves
  14 centaurs
  11 crocodiles
  10 big kobolds
  25 bullfrogs
  2 wyvern skeletons
  A water moccasin skeleton (D:11)
  35 killer bees
  5 scorpions
  4 wights (D:9)
  2 howler monkeys
  9 crimson imps
  3 hounds
  5 jellies
  5 lava snakes (Lair:6)
  3 quasits
  4 bullfrog skeletons
  11 orc priests
  6 centaur skeletons
  2 iguanas
  14 worker ants
  14 orc wizards
  A hound skeleton (D:5)
  A hound zombie (D:6)
  2 worker ant zombies
  A howler monkey zombie (D:10)
  10 gnolls
  A howler monkey skeleton (D:4)
  31 adders
  A river rat (Sewer)
  5 shadow imps
  6 oozes
  2 adder zombies
  7 worms
  8 leopard geckos
  61 orcs
  7 ball pythons
  6 bats
  3 giant cockroaches
  17 goblins
  6 hobgoblins
  18 jackals
  6 quokkas
  2 frilled lizards
  31 kobolds
  A leopard gecko skeleton (D:7)
  A quokka skeleton (D:6)
  11 rats
  2 plants
873 creatures vanquished.

Vanquished Creatures (collateral kills)
  2 two-headed ogres (D:15)
  Urug (D:15)
  An ogre (D:15)
4 creatures vanquished.

Vanquished Creatures (others)
  2 unseen horrors (D:11)
  A hound (D:4)
  A leopard gecko skeleton (D:5)
  20 fungi
  4 plants
28 creatures vanquished.

Grand Total: 905 creatures vanquished

Notes
Turn   | Place    | Note
-------+----------+-------------------------------------------
     0 | D:1      | KleinerIrrer the Formicid Fighter began the quest for the Orb.
     0 | D:1      | Reached XP level 1. HP: 18/18 MP: 1/1
   216 | D:1      | Reached XP level 2. HP: 3/24 MP: 2/2
   588 | D:1      | Reached XP level 3. HP: 29/29 MP: 3/3
  1402 | D:2      | Reached skill level 3 in Long Blades
  1525 | D:2      | Reached XP level 4. HP: 25/36 MP: 4/4
  1742 | D:2      | Found a faded altar of an unknown god.
  2580 | D:3      | Reached XP level 5. HP: 40/42 MP: 5/5
  2677 | D:3      | Reached skill level 1 in Dodging
  3188 | D:4      | Found a radiant altar of Vehumet.
  3217 | D:4      | Reached XP level 6. HP: 18/48 MP: 6/6
  3420 | D:4      | Reached skill level 5 in Shields
  3621 | D:4      | Reached skill level 4 in Long Blades
  3625 | D:4      | Noticed a slave
  3626 | D:4      | Noticed a slave
  3639 | D:4      | Killed a slave
  3656 | D:4      | Killed a slave
  3695 | D:4      | Noticed Pikel
  3894 | D:4      | Noticed a slave
  3894 | D:4      | Killed Pikel
  3894 | D:4      | Reached skill level 5 in Armour
  3894 | D:4      | Reached XP level 7. HP: 46/55 MP: 7/7
  3894 | D:4      | Reached XP level 8. HP: 51/61 MP: 8/8
  4236 | D:4      | Reached skill level 5 in Long Blades
  4375 | D:5      | Entered Level 5 of the Dungeon
  4520 | D:5      | Found a blossoming altar of Fedhas.
  4520 | D:5      | Found a white marble altar of Elyvilon.
  4645 | D:5      | Reached skill level 5 in Fighting
  4786 | D:5      | Found an iron altar of Okawaru.
  4878 | D:5      | Found a glowing drain.
  4898 | Sewer    | Entered a sewer
  4961 | Sewer    | Reached XP level 9. HP: 46/68 MP: 9/9
  5389 | Sewer    | Reached skill level 6 in Long Blades
  5675 | D:5      | Found a staircase to the Ecumenical Temple.
  5684 | Temple   | Entered the Ecumenical Temple
  5691 | Temple   | Became a worshipper of the Shining One
  6318 | D:6      | Found a basalt altar of Yredelemnul.
  6830 | D:6      | Reached XP level 10. HP: 59/76 MP: 10/10
  7363 | D:7      | Found a flagged portal.
  7375 | Bailey   | Entered a bailey
  7426 | Bailey   | Noticed an orc warlord
  7534 | Bailey   | Noticed an orc knight
  7573 | Bailey   | Killed an orc knight
  7573 | Bailey   | Reached skill level 7 in Long Blades
  7684 | Bailey   | Found a runed gate.
  7686 | Bailey   | Found a runed gate.
  7688 | Bailey   | Found a runed gate.
  7695 | Bailey   | Noticed an orc knight
  7749 | Bailey   | Killed an orc knight
  7749 | Bailey   | Reached skill level 10 in Shields
  7749 | Bailey   | Reached skill level 1 in Invocations
  7749 | Bailey   | Reached skill level 1 in Evocations
  8114 | Bailey   | Killed an orc warlord
  8389 | Bailey   | Got a pitted dagger
  8393 | Bailey   | Identified the cursed +1 dagger "Luzoomiro" {flame, Dex+4} (You found it in a bailey)
  8530 | D:7      | Reached * piety under the Shining One
  9213 | D:8      | Reached XP level 11. HP: 52/83 MP: 12/12
  9380 | D:8      | Noticed a two-headed ogre
  9392 | D:8      | Killed a two-headed ogre
  9427 | D:8      | Reached skill level 8 in Long Blades
  9706 | D:8      | Noticed Maurice
  9718 | D:8      | HP: 4/83 [acid (12)]
  9725 | D:8      | Killed Maurice
 10180 | D:8      | Noticed a manticore
 10201 | D:8      | Killed a manticore
 10376 | D:8      | Noticed a green ugly thing
 10391 | D:8      | Killed a green ugly thing
 11144 | D:9      | Noticed a two-headed ogre
 11150 | D:9      | Noticed Grum
 11150 | D:9      | Killed a two-headed ogre
 11168 | D:9      | Killed Grum
 11588 | D:9      | Reached ** piety under the Shining One
 11742 | D:9      | Noticed Joseph
 11751 | D:9      | Killed Joseph
 11751 | D:9      | Reached skill level 9 in Long Blades
 12269 | D:9      | Reached XP level 12. HP: 91/91 MP: 15/15
 12464 | D:10     | Entered Level 10 of the Dungeon
 12586 | D:10     | Noticed KleinerIrrer's ghost (journeyman FoFi)
 12602 | D:10     | Killed KleinerIrrer's ghost
 12656 | D:10     | Reached skill level 5 in Invocations
 13036 | D:10     | Reached *** piety under the Shining One
 13043 | D:10     | Found a staircase to the Orcish Mines.
 13073 | D:10     | Found a staircase to the Lair.
 13081 | D:10     | Reached skill level 10 in Long Blades
 13517 | D:11     | Noticed a two-headed ogre
 13527 | D:11     | Killed a two-headed ogre
 13703 | D:11     | Reached skill level 5 in Evocations
 13760 | D:11     | Killed an unseen horror
 13781 | D:11     | Killed an unseen horror
 13864 | D:11     | Reached skill level 5 in Dodging
 14179 | D:11     | Reached **** piety under the Shining One
 14211 | D:11     | Reached skill level 11 in Long Blades
 14351 | D:11     | Noticed a two-headed ogre
 14385 | D:11     | Killed a two-headed ogre
 14385 | D:11     | Reached XP level 13. HP: 40/98 MP: 17/17
 14866 | D:11     | Reached XP level 14. HP: 104/104 MP: 18/18
 14872 | D:11     | Identified a scroll of acquirement
 15332 | Lair:1   | Entered Level 1 of the Lair of Beasts
 15619 | Lair:1   | Reached skill level 12 in Long Blades
 16087 | Lair:2   | Found a staircase to the Snake Pit.
 16230 | Lair:2   | Noticed Gastronok
 16246 | Lair:2   | Killed Gastronok
 16430 | Lair:2   | Found a staircase to the Shoals.
 16927 | Lair:2   | Identified the Incunabulum of Supportive Flight
 17710 | Lair:3   | Reached skill level 13 in Long Blades
 18598 | Lair:4   | Reached XP level 15. HP: 112/112 MP: 20/20
 19114 | Lair:4   | Reached ***** piety under the Shining One
 20039 | Lair:5   | Reached skill level 14 in Long Blades
 20269 | Lair:5   | Identified the Volume of Aid and Cold
 20576 | Lair:5   | Found a runed door.
 20578 | Lair:5   | Found a viscous altar of Jiyva.
 20583 | Lair:5   | Found a staircase to the Slime Pits.
 20644 | Lair:6   | Entered Level 6 of the Lair of Beasts
 21666 | Lair:6   | Noticed Rupert
 21700 | Lair:6   | Killed Rupert
 21700 | Lair:6   | Reached XP level 16. HP: 45/121 MP: 19/22
 22403 | Lair:6   | Found a large runed door.
 22404 | Lair:6   | Found a large runed door.
 23138 | D:12     | Found a frozen archway.
 23149 | IceCv    | Entered an ice cave
 23411 | IceCv    | Got a scintillating marble ring
 23723 | Lair:1   | Identified the cursed ring "Vurph" {rPois MR+ EV-2 Int+4} (You found it in an ice cave)
 23849 | D:12     | Reached skill level 10 in Fighting
 24277 | D:13     | Reached skill level 10 in Invocations
 24286 | D:13     | Noticed Josephine
 24296 | D:13     | Killed Josephine
 24313 | D:13     | Reached skill level 15 in Shields
 24393 | D:13     | Reached skill level 15 in Long Blades
 24764 | D:13     | Found a gate to the Vaults.
 24944 | D:14     | Found a labyrinth entrance.
 24976 | Lab      | Entered a labyrinth
 25449 | Lab      | Got a dazzling plate armour
 25460 | Lab      | Identified the cursed +1 plate armour of Misanthropy {Str+2 Int+3} (You found it in a labyrinth)
 25774 | D:14     | Reached XP level 17. HP: 117/129 MP: 25/25
 25795 | D:14     | Got a heavily runed leather armour
 25806 | D:14     | Identified the cursed +0 leather armour "Yfiqa" {rElec rF++} (You found it on level 14 of the Dungeon)
 26449 | D:14     | Found a sacrificial altar of Ru.
 26466 | D:15     | Entered Level 15 of the Dungeon
 26639 | D:15     | Reached skill level 10 in Evocations
 27130 | D:15     | Found a staircase to the Depths.
 27549 | D:15     | Reached skill level 16 in Long Blades
 27583 | D:15     | Noticed Urug
 27589 | D:15     | Killed Urug
 27640 | D:15     | Reached ****** piety under the Shining One
 28054 | D:15     | Noticed Roxanne
 28457 | Orc:1    | Entered Level 1 of the Orcish Mines
 28458 | Orc:1    | Found Kazituar's Weapon Emporium.
 28462 | Orc:1    | Noticed Harold
 28476 | Orc:1    | Killed Harold
 28604 | Orc:2    | Entered Level 2 of the Orcish Mines
 28604 | Orc:2    | Found Byqas's Distillery.
 28604 | Orc:2    | Found a staircase to the Elven Halls.
 28784 | Orc:2    | Bought a potion of might for 48 gold pieces
 28909 | Orc:2    | Found Cealuyn's Antique Weapon Shoppe.
 29092 | Orc:2    | Noticed humperndinck's ghost (adept MfGl)
 29105 | Orc:2    | Killed humperndinck's ghost
 29281 | Orc:2    | Noticed Erolcha
 29286 | Orc:2    | Killed Erolcha
 29286 | Orc:2    | Reached XP level 18. HP: 126/138 MP: 26/26
 29299 | Orc:2    | Found Perydusm's Antique Armour Boutique.
 29311 | Orc:2    | Bought a pair of glowing gloves for 180 gold pieces
 29337 | Orc:2    | Found Baoskann's General Store.
 29345 | Orc:2    | Bought a potion of might for 68 gold pieces
 29355 | Orc:2    | Found Qechatio's Quality Used Wands.
 29374 | Orc:2    | Found Popt's Jewellery Emporium.
 29677 | Orc:2    | Bought the amulet of Rokkets {Harm *Drain rC++ Dex+7 Stlth-} for 1017 gold pieces
 29677 | Orc:2    | Bought the ring "Ovotz" {rF+ MR+ Stlth-} for 406 gold pieces
 29721 | Elf:1    | Entered Level 1 of the Elven Halls
 29740 | Elf:1    | Noticed Agnes
 29748 | Elf:1    | Killed Agnes
 29748 | Elf:1    | Reached skill level 17 in Long Blades
 29806 | Elf:1    | Killed from afar by a deep elf mage

Skill      XL: |  1  2  3  4  5  6  7  8  9 10 11 12 13 14 15 16 17 18 |
---------------+-------------------------------------------------------+-----
Shields        | 4 6 7 9 11 12 13 14 15 | 15.0
Long Blades    | 3 4 5 6 7 9 11 13 14 15 16 17 | 17.1
Dodging        | 1 2 3 4 5 |  5.1
Armour         | 4 5 6 8 9 12 13 14 | 14.2
Fighting       | 4 5 6 7 8 9 10 11 | 11.5
Invocations    | 2 4 6 7 9 10 11 | 11.7
Evocations     | 2 4 5 7 8 9 10 | 10.6

Action                   |  1- 3 |  4- 6 |  7- 9 | 10-12 | 13-15 | 16-18 || total
-------------------------+-------+-------+-------+-------+-------+-------++-------
Melee: Long sword        |    66 |       |       |       |       |       ||    66
       Dagger            |    22 |   235 |   514 |   436 |       |       ||  1207
       Scimitar          |       |       |       |   357 |   724 |   454 ||  1535
       Great sword       |       |       |       |       |       |   332 ||   332
Invok: Divine Shield     |       |       |       |     1 |     7 |     6 ||    14
       Summon Divine War |       |       |       |       |     1 |     3 ||     4
       Cleansing Flame   |       |       |       |       |       |     1 ||     1
 Abil: Evoke Flight      |       |       |       |     1 |       |       ||     1
Evoke: Wand              |       |       |       |     6 |     5 |     1 ||    12
       Box of beasts     |       |       |       |       |       |     1 ||     1
  Use: Scroll            |       |     5 |    11 |     8 |    19 |    16 ||    59
       Potion            |       |     1 |       |    10 |     4 |     6 ||    21
  Eat: Chunk             |     2 |     8 |     6 |    19 |    16 |    16 ||    67
       Bread ration      |       |       |     1 |     2 |     2 |     3 ||     8
Armor: Ring mail         |    29 |    56 |    58 |    38 |     1 |       ||   182
       Scale mail        |     1 |       |       |       |       |       ||     1
       Plate armour      |       |       |    80 |   167 |     4 |       ||   251
       Crystal plate arm |       |       |       |       |   379 |   302 ||   681
Dodge: Dodged            |    33 |    78 |   165 |   236 |   167 |    93 ||   772
Block: Shield            |    41 |   109 |   248 |   438 |   524 |   100 ||  1460
       Large shield      |       |       |       |       |       |   540 ||   540
       Rpst.: Long sword |     5 |       |       |       |       |       ||     5
       Scimitar          |       |       |       |    28 |    44 |     8 ||    80
       Great sword       |       |       |       |       |       |     5 ||     5
